 Dungeon Crawl Stone Soup version 0.26-a0-519-gb2f46efeda (webtiles) character file.

Game seed: 2780251336453009985

1650 KristoblXynda the Covert (level 8, -10/60 HPs)
             Began as a Vampire Gladiator on Aug 10, 2020.
             Was an Initiate of Ashenzari.
             Shot with an arrow by a centaur (13 damage)
             ... on level 7 of the Dungeon.
             The game lasted 00:08:09 (5170 turns).

KristoblXynda the Covert (Vampire Gladiator)        Turns: 5170, Time: 00:08:10

Health: -10/60     AC:  5    Str: 15    XL:     8   Next: 67%
Magic:  8/8        EV: 17    Int: 10    God:    Ashenzari [......]
Gold:   349        SH:  5    Dex: 16    Spells: 7/7 levels left

rFire    + . .     SeeInvis +   k - +2 dagger (venom)
rCold    + . .     Faith    .   (no shield)
rNeg     . . .     Spirit   .   m - +1 robe {rC+ rF+}
rPois    .         Reflect  +   c - +0 helmet
rElec    .         Harm     .   (no cloak)
rCorr    .                      e - +0 pair of gloves
MR       .....                  (no boots)
Stlth    ++++......             o - amulet of reflection (curse)
HPRegen  0.40/turn              (no ring)
MPRegen  0.11/turn              n - ring of wizardry (curse)

@: regenerating quickly
A: fangs 3, see invisible, unbreathing
a: Exsanguinate, Curse Item, Renounce Religion


You were on level 7 of the Dungeon.
You worshipped Ashenzari.
Ashenzari was noncommittal.
You visited 2 branches of the dungeon, and saw 8 of its levels.

You collected 349 gold pieces.

Inventory:

Hand Weapons
 a - a +0 long sword
 k - a +2 dagger of venom (weapon)
Missiles
 d - 3 throwing nets (quivered)
Armour
 c - a +0 helmet (worn)
 e - a +0 pair of gloves (worn)
 g - a +0 ring mail
 m - a +1 robe of resistance (worn)
Jewellery
 n - a cursed ring of wizardry (right hand)
 o - a cursed amulet of reflection (around neck)
Scrolls
 h - 4 scrolls of teleportation
 l - a scroll of fear
 r - a scroll of fog {unknown}
 s - a scroll of blinking {unknown}
Potions
 b - a potion of haste
 f - 2 potions of magic {unknown}
 i - a potion of flight {unknown}
 p - a potion of brilliance
 q - 3 potions of curing {unknown}


   Skills:
 - Level 4.0 Fighting
 + Level 6.2 Long Blades
 - Level 2.1 Throwing
 + Level 2.8 Armour
 + Level 6.8 Dodging
 + Level 8.0 Stealth


You had 7 spell levels left.
You didn't know any spells.
Your spell library contained the following spells:

 Spells                   Type           Power        Failure   Level
 Foxfire                  Conj/Fire      #...         16%         1
 Summon Small Mammal      Summ           #...         16%         1
 Call Imp                 Summ           #.......     22%         2
 Call Canine Familiar     Summ           #.......     41%         3
 Conjure Flame            Conj/Fire      #.......     41%         3
 Inner Flame              Hex/Fire       #.......     41%         3
 Summon Guardian Golem    Hex/Summ       #.......     41%         3
 Sticky Flame             Conj/Fire      #.......     80%         4
 Summon Ice Beast         Ice/Summ       #.......     80%         4
 Summon Lightning Spire   Summ/Air       #.......     80%         4
 Fireball                 Conj/Fire      #.........   98%         5


Dungeon Overview and Level Annotations

Branches:
Dungeon (7/15)             Temple (1/1) D:6

Altars:
Ashenzari
Dithmenos
Elyvilon
Fedhas
Gozag
Hepliaklqana
Kikubaaqudgha
Makhleb
Okawaru
Qazlal
Ru
Sif Muna
Trog
Uskayaw
Wu Jian
Xom
Yredelemnul
Zin

Annotations:
D:6 1 runed translucent door, drasked's ghost, novice DEWz


Innate Abilities, Weirdness & Mutations

Your natural rate of healing is unusually fast.
You have razor-sharp teeth.
You have supernaturally acute eyesight. (SInv)
You can survive without breathing.


Message History

The centaur shoots an arrow.
The arrow misses you.
The centaur shoots an arrow.
The arrow misses you.
A white imp comes into view.
You block the jackal's attack.
The centaur shoots an arrow.
You reflect the arrow off an invisible shield around you!
The arrow hits the centaur!
The jackal bites you but does no damage.
You hear a shout! x2
The centaur shoots an arrow.
The arrow hits you!
* * * LOW HITPOINT WARNING * * *
The centaur shoots an arrow.
The arrow misses you.
The centaur shoots an arrow.
The arrow hits you.
* * * LOW HITPOINT WARNING * * *
The centaur shoots an arrow.
The arrow barely misses you. The jackal completely misses you.
You see here 4 arrows.
The centaur shoots an arrow.
The arrow hits you!
* * * LOW HITPOINT WARNING * * *
The centaur shoots an arrow.
The arrow hits you!
You die...

#..#... #..#.##
#####.....# .≈≈≈≈.
#......#..# # ≈≈≈≈.#
#.#.......#.# ≈≈≈..##
#.#.#####.#.###≈≈≈...##
#.#......... #≈≈≈≈c.(.#
#.#######.####≈≈≈≈≈c(.#
#...........@.≈≈≈≈5c...
#############(≈≈≈≈≈≈c..
#h≈≈≈≈≈≈≈≈c #h†≈≈≈≈≈≈≈≈
##((..≈≈≈≈≈ ####[...≈≈
###... ##


You could see 3 centaurs, a white imp and 2 jackals.

Vanquished Creatures
  A black bear (D:6)
  An ice beast (D:6)
  2 centaurs
  3 ogres
  5 bullfrogs
  A howler monkey (D:5)
  A hound (D:4)
  An orc priest (D:3)
  A jelly (D:5)
  Jessica (D:2)
  2 orc wizards
  Natasha (thrice) (D:2)
  6 worker ants
  2 hound skeletons
  13 adders
  A white imp (D:4)
  2 oozes
  2 ufetubi
  An adder skeleton (D:4)
  4 worms
  2 dart slugs
  5 leopard geckos
  17 orcs
  9 bats
  3 giant cockroaches
  5 goblins
  10 hobgoblins
  4 jackals (D:7)
  7 kobolds
  4 quokkas
  2 ball pythons
  9 frilled lizards
  A giant cockroach zombie (D:5)
  A quokka zombie (D:6)
  11 rats
143 creatures vanquished.

Notes
Turn   | Place    | Note
-------+----------+-------------------------------------------
     0 | D:1      | KristoblXynda the Vampire Gladiator began the quest for the
                  | Orb.
     0 | D:1      | Reached XP level 1. HP: 16/16 MP: 1/1
   134 | D:1      | Reached XP level 2. HP: 22/22 MP: 2/2
   800 | D:2      | Noticed Jessica
   812 | D:2      | Killed Jessica
   812 | D:2      | Reached XP level 3. HP: 19/28 MP: 3/3
   890 | D:2      | Noticed Natasha
   902 | D:2      | Killed Natasha
   902 | D:2      | Reached skill level 1 in Stealth
   902 | D:2      | Reached XP level 4. HP: 19/34 MP: 4/4
   979 | D:2      | Noticed Natasha
   991 | D:2      | Killed Natasha
  1174 | D:2      | Reached skill level 2 in Stealth
  1260 | D:2      | Noticed Natasha
  1269 | D:2      | Killed Natasha
  1269 | D:2      | Reached XP level 5. HP: 19/40 MP: 5/5
  1708 | D:2      | Found an iron altar of Okawaru.
  1785 | D:2      | Found a glowing silver altar of Zin.
  1973 | D:3      | Reached skill level 3 in Stealth
  2058 | D:3      | Reached XP level 6. HP: 25/47 MP: 6/6
  2361 | D:3      | Found a white marble altar of Elyvilon.
  2562 | D:3      | Found an ornate altar of the Wu Jian Council.
  2566 | D:3      | Found a shadowy altar of Dithmenos.
  2568 | D:3      | Found a burning altar of Makhleb.
  2930 | D:4      | Reached skill level 4 in Stealth
  3015 | D:4      | Reached skill level 5 in Dodging
  3061 | D:4      | Reached XP level 7. HP: 25/53 MP: 7/7
  3169 | D:4      | Reached skill level 5 in Stealth
  3613 | D:5      | Entered Level 5 of the Dungeon
  3736 | D:5      | Reached skill level 5 in Long Blades
  3825 | D:5      | Found a bloodstained altar of Trog.
  3923 | D:5      | Reached skill level 1 in Armour
  4166 | D:5      | Reached skill level 6 in Stealth
  4433 | D:6      | Found a hazy altar of Hepliaklqana.
  4481 | D:6      | Reached XP level 8. HP: 49/60 MP: 8/8
  4525 | D:6      | Found a shimmering blue altar of Sif Muna.
  4583 | D:6      | Reached skill level 7 in Stealth
  4655 | D:6      | Found a runed translucent door.
  4655 | D:6      | Noticed drasked's ghost (novice DEWz)
  4747 | D:6      | Found a staircase to the Ecumenical Temple.
  4759 | Temple   | Entered the Ecumenical Temple
  4883 | Temple   | Became a worshipper of Ashenzari the Shackled
  5123 | D:7      | Reached skill level 8 in Stealth
  5170 | D:7      | HP: 3/60 [centaur/arrow (13)]
  5170 | D:7      | Shot with an arrow by a centaur

Illustrated notes

Levels and vault maps discovered:
D:1:      tarquinn_simple_flora_water_a, layout_loops_ring
D:2:      layout_basic, zin_academy, nicolae_overflow_hidden_temple,
          minmay_quantized, uniq_natasha, uniq_jessica
D:3:      layout_loops_ring, elyvilon_altar_5, grunt_temple_overflow_open,
          hangedman_decor_growths
D:4:      layout_rooms
D:5:      layout_basic, kennysheep_little_box
D:6:      layout_rooms, lemuel_doored_altar, overflow_temple_1_default,
          temple_hall, ebering_ghost_reflecting_pool
D:7:      layout_basic, centaur_isle
Temple:   nicolae_temple_figure_zero

Skill      XL: |  1  2  3  4  5  6  7  8 |
---------------+-------------------------+-----
Fighting       | 2 3 4 |  4.0
Throwing       | 2 |  2.1
Stealth        | 1 2 3 4 6 8 |  8.0
Dodging        | 4 5 6 |  6.8
Long Blades    | 4 5 6 |  6.2
Armour         | 1 2 |  2.8

Action                   |  1- 3 |  4- 6 |  7- 9 || total
-------------------------+-------+-------+-------++-------
Melee: Long sword        |    72 |   209 |       ||   281
       Bite              |     7 |    27 |    12 ||    46
       Dagger            |       |    28 |   133 ||   161
Invok: Curse Item        |       |       |     2 ||     2
  Use: Scroll            |       |     4 |     3 ||     7
       Potion            |       |       |     1 ||     1
 Stab: Sleeping          |     1 |    12 |    18 ||    31
Armor: Leather armour    |    20 |    15 |       ||    35
       Robe              |       |    49 |    24 ||    73
Dodge: Dodged            |    58 |   184 |    84 ||   326
Block: Other             |       |     7 |    18 ||    25
       Reflection        |       |       |     3 ||     3
       Rpst.: Long sword |    25 |    50 |       ||    75

Table legend: (Time is in decaauts)
 A = Elapsed time spent in this place.
 B = Non-inter-level travel time spent in this place.
 C = Inter-level travel time spent in this place.
 D = Time resting spent in this place.
 E = Time spent auto-exploring this place.
 F = Levels seen in this place.
 G = Mean time per level.
                   A        B        C        D        E       F      G
               +--------+--------+--------+--------+--------+-----+--------+
         Total |   5214 |   5090 |    124 |    650 |   2947 |   8 |  651.8 |
       Dungeon |   5078 |   4961 |    117 |    650 |   2840 |   7 |  725.4 |
        Temple |    135 |    128 |      7 |      0 |    107 |   1 |  135.0 |
               +--------+--------+--------+--------+--------+-----+--------+

Top non-repeatable levels by time:
     D:2: 1114 daAuts
     D:3: 1057 daAuts
     D:1: 809 daAuts
     D:5: 801 daAuts
     D:4: 694 daAuts
     D:6: 487 daAuts
  Temple: 135 daAuts
     D:7: 114 daAuts
